 Dungeon Crawl Stone Soup version 0.27-a0-686-gaed091b46b (webtiles) character file.

Game seed: 618496764645424064

11 sleeves the Charlatan (level 2, 10/22 HPs)
             Began as a Demigod Artificer on Mar 21, 2021.
             Quit the game on level 1 of the Dungeon.
             The game lasted 00:01:22 (748 turns).

sleeves the Charlatan (Demigod Artificer)            Turns: 748, Time: 00:01:22

Health: 10/22      AC:  3    Str: 13    XL:     2   Next: 6%
Magic:  4/4        EV: 11    Int: 13    God:
Gold:   0          SH:  0    Dex: 14    Spells: 1/1 levels left

rFire    . . .     SeeInvis .   a - +0 club
rCold    . . .     Faith    .   (no shield)
rNeg     . . .     Spirit   .   b - +0 leather armour
rPois    .         Reflect  .   (no helmet)
rElec    .         Harm     .   (no cloak)
rCorr    .         Rampage  .   (no gloves)
Will     .....                  (no boots)
Stlth    +.........             (no amulet)
HPRegen  0.07/turn              (no ring)
MPRegen  0.09/turn              (no ring)

@: lethally poisoned (10 -> -5), attractive
A: high mp 1, forlorn
a: no special abilities


You were on level 1 of the Dungeon.
You visited 1 branch of the dungeon, and saw 1 of its levels.

Inventory:

Hand Weapons
 a - a +0 club (weapon)
Armour
 b - a +0 leather armour (worn)
Wands
 c - a wand of flame (11) (quivered)
 d - a wand of charming (14)
 e - a wand of random effects (15)
Scrolls
 f - a scroll of identify {unknown}


   Skills:
 - Level 0.8 Fighting
 + Level 1.7 Maces & Flails
 - Level 1.7 Armour
 - Level 0.8 Dodging
 - Level 0.8 Stealth
 - Level 2.6 Evocations


You had one spell level left.
You didn't know any spells.
Your spell library was empty.

Dungeon Overview and Level Annotations

Branches:
Dungeon (1/15)


Innate Abilities, Weirdness & Mutations

Your attributes grow dramatically as you level up.
You have an increased reservoir of magic. (+10% MP)
You shall have no god before yourself.


Message History

Welcome, sleeves the Demigod Artificer.
Will you prevail where others failed? Will you find the Orb of Zot?
Press ? for a list of commands and other information.
Found a staircase leading out of the dungeon.
Unknown command.
Unknown command.
Unknown command.
Unknown command.
There is a shaft here.
f - a scroll labelled ROXEMN TAARE You open the door.
There is an open door here.
A quokka, a goblin and a hobgoblin come into view.
The goblin shouts!
There are monsters nearby!
There are monsters nearby!
There is an open door here.
You miss the quokka.
The quokka bites you but does no damage.
The quokka bites you.
You hit the quokka.
The quokka is moderately wounded.
The quokka closely misses you.
You hit the quokka.
The quokka is severely wounded.
The quokka bites you. The quokka completely misses you.
You barely miss the quokka.
The quokka is severely wounded.
The quokka bites you.
You miss the quokka.
The quokka is severely wounded.
The quokka bites you.
* * * LOW HITPOINT WARNING * * *
The quokka bites you.
* * * LOW HITPOINT WARNING * * *
You don't have any such object.
Evoke which item? (* to show all) (? for menu, Esc to quit)
Okay, then.
Aiming: Throw Flame
Press: ? - help, Shift-Dir - straight line, f - quokka
Aim: a quokka (severely wounded, 40% to evade)
The puff of flame misses the quokka.
The puff of flame misses the goblin.
The quokka completely misses you.
Aiming: Throw Flame
Press: ? - help, Shift-Dir - straight line, f/p - quokka
Aim: a quokka (severely wounded, 40% to evade)
The puff of flame hits the quokka.
You kill the quokka!
Aiming: Throw Flame
Press: ? - help, Shift-Dir - straight line, f - goblin
Aim: a goblin (36% to evade)
The puff of flame misses the goblin.
The goblin closely misses you.
Aiming: Throw Flame
Press: ? - help, Shift-Dir - straight line, f/p - goblin
Aim: a goblin (36% to evade)
The puff of flame hits the goblin!
You kill the goblin!
You start resting.
HP restored.
Things that are here:
a goblin skeleton; a quokka skeleton
There is an open door here.
A hobgoblin is nearby!
A hobgoblin is nearby!
The hobgoblin shouts!
A gnoll comes into view.
There is an open door here.
Things that are here:
a goblin skeleton; a quokka skeleton You hit the hobgoblin but do no damage.
The hobgoblin hits you but does no damage.
You hit the hobgoblin.
The hobgoblin is moderately wounded.
The hobgoblin hits you with a +0 club!
You barely miss the hobgoblin.
The hobgoblin is moderately wounded.
The hobgoblin hits you with a +0 club.
* * * LOW HITPOINT WARNING * * *
You hit the hobgoblin.
You kill the hobgoblin!
Your Maces & Flails skill increases to level 1!
Things that are here:
a +0 club; a hobgoblin corpse You start resting.
HP restored.
You open the door.
There is an open door here.
A ball python comes into view.
A ball python is nearby!
A ball python is nearby!
The ball python hisses angrily.
The ball python bites you but does no damage.
The ball python misses you.
You hit the ball python.
You kill the ball python!
No target in view!
No target in view!
A kobold comes into view.
A kobold is nearby!
A kobold is nearby!
You see here a black potion.
You hit the kobold.
The kobold is moderately wounded.
The kobold closely misses you. The kobold misses you.
You closely miss the kobold.
The kobold is moderately wounded.
The kobold barely misses you.
You hit the kobold.
You kill the kobold!
No target in view!
No target in view!
g - a black potion A jackal comes into view.
A jackal is nearby!
The jackal barks!
You hear a shout!
You hit the jackal but do no damage. The jackal bites you.
The jackal misses you.
A jackal comes into view.
You barely miss the jackal.
The jackal barks!
You hear a shout!
The jackal barely misses you.
A goblin comes into view. It is wielding a +0 dagger.
The jackal bites you but does no damage.
You hear a bark!
You hit the jackal.
The jackal is severely wounded.
The jackal completely misses you.
A dart slug comes into view.
A jackal comes into view.
The jackal barely misses you.
The jackal bites you but does no damage.
The jackal barely misses you.
Aiming: Charm
Press: ? - help, Shift-Dir - straight line, f - jackal
Aim: a jackal (chance to affect: 71%)
The jackal is charmed.
Your jackal barely misses the jackal.
Your jackal barely misses the jackal.
The jackal barely misses your jackal.
Your jackal closely misses the jackal.
The jackal bites your jackal but does no damage.
What are your orders? t - Shout!
Orders for allies: a - Attack new target. p - Attack previous target. r - Retreat! s - Stop attacking. g - Guard the area. f - Follow me.
Anything else - Cancel.
Gang up on whom?
Press: ? - help, Dir - move target, f - jackal, p - jackal
Aim: a jackal Attack!
Your jackal closely misses the jackal.
The jackal closely misses your jackal.
Your jackal closely misses the jackal.
The jackal closely misses your jackal.
Your jackal bites the jackal.
The jackal bites your jackal but does no damage.
Your jackal bites the jackal but does no damage.
The jackal misses your jackal.
Your jackal barely misses the jackal.
The jackal closely misses your jackal.
Your jackal bites the jackal.
The jackal closely misses your jackal.
Your jackal barely misses the jackal.
The jackal barely misses your jackal.
Your jackal bites the jackal.
The jackal bites your jackal.
Your jackal bites the jackal.
The jackal dies!
What are your orders? t - Shout!
Orders for allies: a - Attack new target. r - Retreat! s - Stop attacking. g - Guard the area. f - Follow me.
Anything else - Cancel.
Gang up on whom?
Press: ? - help, Dir - move target, f - goblin
Aim: a goblin, wielding a +0 dagger Attack!
Your jackal barely misses the goblin.
Your jackal misses the goblin.
The goblin hits your jackal with a +0 dagger.
Your jackal dies!
You hit the goblin.
You kill the goblin!
You barely miss the jackal.
The jackal is heavily wounded.
The jackal barely misses you.
You barely miss the jackal.
The jackal is heavily wounded.
The jackal barely misses you. The jackal closely misses you.
You hit the jackal.
The jackal is almost dead.
The jackal barely misses you. The jackal bites you.
You closely miss the jackal.
The jackal is almost dead.
The jackal bites you. x2
You barely miss the jackal.
The jackal is almost dead.
The jackal bites you but does no damage.
You hit the jackal.
You kill the jackal!
Things that are here:
a +0 dagger; a jackal corpse You start resting.
HP restored.
You see here a jackal corpse.
A dart slug comes into view.
A dart slug is nearby!
A dart slug is nearby!
A dart slug is nearby!
The dart slug completely misses you.
You hit the dart slug.
The dart slug is moderately wounded.
The dart slug barely misses you.
You hit the dart slug.
The dart slug is heavily wounded.
The dart slug closely misses you.
You hit the dart slug.
The dart slug is severely wounded.
You hit the dart slug.
The dart slug is severely wounded.
The dart slug bites you.
You hit the dart slug.
You kill the dart slug!
You have reached level 2!
You see here a dart slug corpse.
A goblin comes into view.
It is wielding a +0 club and quivering poisoned darts.
A goblin is nearby!
A goblin is nearby!
A goblin is nearby!
The goblin shouts!
A dart slug comes into view.
The goblin throws a poisoned dart.
The poisoned dart barely misses you.
The goblin throws a poisoned dart.
The poisoned dart closely misses you. The dart slug launches a dart at you.
The slug dart hits you.
The goblin throws a poisoned dart.
The poisoned dart closely misses you.
The goblin throws a poisoned dart.
The poisoned dart hits you!
You are poisoned.
You feel sick.
The goblin throws a poisoned dart.
The poisoned dart hits you!
You are more poisoned.
You feel sick.
You feel sick.
You feel sick.
The goblin throws a poisoned dart.
The poisoned dart barely misses you.
You feel sick.
The goblin throws a poisoned dart.
The poisoned dart hits you!
You are lethally poisoned!
You feel sick.
* * * LOW HITPOINT WARNING * * *
You feel sick.
It was a potion of attraction.
You feel attractive to monsters.
* * * LOW HITPOINT WARNING * * *
You feel sick. The goblin is pulled toward you!
The dart slug is pulled toward you!
Okay, then.
Are you sure you want to abandon this character and quit the game? (Confirm with "yes".)

#.# #....#.#. #.#
###...#.#. #.#
##.....#.#.
##.#####......#.#.
#.†...........#.##
#.#####.......#...
#.# #.......# ##
#.# ##........ #@#
##........ #.#
##....... #g####
.##.### #.#PPP.#
.# .. #w#.PP.#
#.#..P.# #.#P...#
#.#########
#.........##


You could see a dart slug and a goblin.

Vanquished Creatures
  A dart slug (D:1)
  2 goblins (D:1)
  A hobgoblin (D:1)
  A jackal (D:1)
  A quokka (D:1)
  A ball python (D:1)
  A kobold (D:1)
8 creatures vanquished.

Vanquished Creatures (collateral kills)
  A jackal (D:1)
1 creature vanquished.

Vanquished Creatures (others)
  A jackal (D:1)
1 creature vanquished.

Grand Total: 10 creatures vanquished

Notes
Turn   | Place    | Note
-------+----------+-------------------------------------------
     0 | D:1      | sleeves the Demigod Artificer began the quest for the Orb.
     0 | D:1      | Reached XP level 1. HP: 15/15 MP: 3/3
    48 | D:1      | HP: 5/15 [quokka (3)]
    48 | D:1      | HP: 2/15 [quokka (3)]
   324 | D:1      | HP: 6/15 [hobgoblin/+0 club (2)]
   326 | D:1      | Reached skill level 1 in Maces & Flails
   676 | D:1      | Reached XP level 2. HP: 19/22 MP: 4/4
   746 | D:1      | HP: 11/22 [poisoned by a goblin]
   748 | D:1      | Quit the game

Illustrated notes

Levels and vault maps discovered:
D:1:      matt_arrival_refuge, layout_rooms, serial_aquarium,
          aquarium_bridge_island_small [aquarium_subvault_small_open,
          aquarium_subvault_bridge, aquarium_subvault_window,
          aquarium_subvault_wall, aquarium_subvault_balcony],
          aquarium_window_corner, aquarium_window_corridor_1, aquarium_window_1,
          aquarium_view_2b, aquarium_view_2c, cheibriados_altar_1

Skill      XL: |  1 |
---------------+----+-----
Maces & Flails | 1 |  1.7
Fighting       | |  0.8
Armour         | |  1.7
Dodging        | |  0.8
Stealth        | |  0.8
Evocations     | |  2.6

Action                   || total
-------------------------++-------
Melee: Club              ||    28
Evoke: Wand              ||     5
  Use: Potion            ||     1
Armor: Leather armour    ||     6
Dodge: Dodged            ||    24

Table legend: (Time is in decaauts)
 A = Elapsed time spent in this place.
 B = Non-inter-level travel time spent in this place.
 C = Inter-level travel time spent in this place.
 D = Time resting spent in this place.
 E = Time spent auto-exploring this place.
 F = Levels seen in this place.
 G = Mean time per level.
                   A        B        C        D        E       F      G
               +--------+--------+--------+--------+--------+-----+--------+
         Total |    755 |    755 |      0 |    491 |    138 |   1 |  755.0 |
       Dungeon |    755 |    755 |      0 |    491 |    138 |   1 |  755.0 |
               +--------+--------+--------+--------+--------+-----+--------+

Top non-repeatable levels by time:
     D:1: 755 daAuts
